 Dungeon Crawl Stone Soup version 0.29-a0-559-g359e09b9d1 (webtiles) character file.

Game seed: 859505298676522459

6620 Heedrag the Cleaver (level 10, 0/88 HPs)
             Began as a Minotaur Fighter on June 9, 2022.
             Was a High Priest of Okawaru.
             Slain by Grum
             ... wielding a -1 spear of pain
              (14 damage)
             ... on level 8 of the Dungeon.
             The game lasted 00:12:39 (9175 turns).

Heedrag the Cleaver (Minotaur Fighter)              Turns: 9175, Time: 00:12:40

Health: 0/88       AC: 19    Str: 22    XL:     10   Next: 72%
Magic:  11/12      EV: 16    Int:  5    God:    Okawaru [*****.]
Gold:   515        SH:  7    Dex: 13    Spells: 9/9 levels left

rFire   . . .      SeeInvis +   w - +1 hand axe (venom)
rCold   . . .      Faith    .   c - +0 buckler
rNeg    . . .      Spirit   .   H - +0 chain mail
rPois   .          Reflect  .   (helmet restricted)
rElec   .          Harm     .   u - +1 cloak
rCorr   .          Rampage  .   K - +1 pair of gloves {Stlth+}
Will    .....                   l - +0 pair of boots
Stlth   +.........              (no amulet)
HPRegen 0.24/turn               e - +4 ring of evasion
MPRegen 0.13/turn               z - ring of see invisible

@: heroic
A: horns 2, retaliatory headbutt
a: Renounce Religion, Heroism, Finesse, Duel


You were on level 8 of the Dungeon.
You worshipped Okawaru.
Okawaru was extremely pleased with you.
You visited 2 branches of the dungeon, and saw 10 of its levels.
You also visited: Sewer.

You collected 515 gold pieces.

Inventory:

Hand Weapons
 a - a +0 war axe
 w - a +1 hand axe of venom (weapon)
   (You took it off an orc on level 4 of the Dungeon)
 I - a +0 mace of protection
   (You took it off an orc on level 7 of the Dungeon)
 O - a +0 scimitar of flaming
   (You took it off Erica on level 8 of the Dungeon)
Missiles
 y - 13 poisoned darts
 D - 6 boomerangs (quivered)
Armour
 c - a +0 buckler (worn)
 l - a +0 pair of boots (worn)
   (You found it on level 2 of the Dungeon)
 u - a +1 cloak (worn)
   (You found it on level 4 of the Dungeon)
 H - a +0 chain mail (worn)
   (You took it off an orc on level 6 of the Dungeon)
 K - a +1 pair of gloves of stealth (worn)
   (You found it on level 8 of the Dungeon)
Jewellery
 e - a +4 ring of evasion (left hand)
   (You found it on level 1 of the Dungeon)
 o - a ring of protection from cold
   (You found it on level 5 of the Dungeon)
 z - a ring of see invisible (right hand)
   (You found it on level 7 of the Dungeon)
Wands
 d - a wand of iceblast (28)
   (You found it on level 3 of the Dungeon)
 r - a wand of mindburst (11)
   (You found it on level 3 of the Dungeon)
 v - a wand of digging (5)
   (You found it on level 5 of the Dungeon)
 x - a wand of acid (8)
   (You took it off Maurice on level 8 of the Dungeon)
Scrolls
 b - 3 scrolls of vulnerability {unknown}
 g - 9 scrolls of identify {unknown}
 j - 3 scrolls of brand weapon {unknown}
 k - 3 scrolls of noise {unknown}
 m - 6 scrolls of teleportation {unknown}
 p - a scroll of blinking {unknown}
 q - 2 scrolls of enchant weapon {unknown}
 E - a scroll of enchant armour {unknown}
 J - a scroll of fear {unknown}
 L - 2 scrolls of magic mapping {unknown}
Potions
 f - 5 potions of heal wounds {@q2}
 h - 2 potions of curing {unknown}
 i - a potion of berserk rage {unknown}
 n - 3 potions of attraction {unknown}
 s - a potion of mutation {unknown}
 t - 4 potions of cancellation {unknown}
 A - 3 potions of flight
 B - 2 potions of brilliance
 C - 3 potions of resistance {unknown}
 F - 2 potions of might
 G - a potion of degeneration {unknown}
 M - a potion of magic {unknown}
 N - a potion of lignification {unknown}


   Skills:
 + Level 7.7(12.7) Fighting
 * Level 10.0(15.0) Axes
 + Level 4.2(9.2) Throwing
 + Level 7.7(12.7) Armour
 + Level 6.2(11.2) Dodging
 + Level 7.7(12.7) Shields
 + Level 4.8 Invocations
 + Level 4.7 Evocations


You had 9 spell levels left.
You didn't know any spells.
Your spell library contained the following spells:

 Spells                   Type           Power      Damage    Failure   Level
 Foxfire                  Conj/Fire      0%         2x1d4     97%         1
 Magic Dart               Conj           0%         1d3       97%         1
 Searing Ray              Conj           0%         2d4       99%         2
 Conjure Flame            Conj/Fire      0%         6-21      100%        3
 Inner Flame              Hex/Fire       0%         N/A       100%        3
 Flame Wave               Conj/Fire      0%         2d4       100%        4
 Fulminant Prism          Conj/Hex       0%         3d6       100%        4


Dungeon Overview and Level Annotations

Branches:
Dungeon (9/15)             Temple (1/1) D:4           Sewer (visited)
   Lair: D:8-11         Orc: D:9-12

Altars:
Ashenzari
Cheibriados
Dithmenos
Elyvilon
Fedhas
Gozag
Hepliaklqana
Makhleb
Nemelex Xobeh
Okawaru
Qazlal
Ru
Sif Muna
Trog
Uskayaw
Vehumet
Wu Jian
Xom
Yredelemnul
Zin
The Shining One

Annotations:
D:8 Grum


Innate Abilities, Weirdness & Mutations

You have a pair of horns on your head.
You reflexively headbutt those who attack you in melee.


Message History

You hit the wolf but do no damage.
The wolf is poisoned.
You hit the wolf. The wolf bites you.
Grum lets out an intimidating howl.
The death yak barely misses you.
The wolf bites you but does no damage. x2
You hit the death yak.
The death yak looks as sick as possible!
You headbutt the death yak. You hit the wolf.
You kill the wolf!
Okawaru accepts your kill.
You hit the wolf.
The wolf looks as sick as possible!
The wolf barely misses you. Grum barely misses you.
You barely miss the death yak. You miss the wolf.
The death yak completely misses you. You block the wolf's attack.
You hit the death yak but do no damage.
The death yak looks as sick as possible!
You headbutt the death yak, but do no damage.
You hit the wolf.
You kill the wolf!
Okawaru accepts your kill. Grum hits you but does no damage.
The death yak gores you!
* * * LOW HITPOINT WARNING * * *
Your life force feels restored.
You hit the death yak.
The death yak looks as sick as possible!
Grum barely misses you.
Unknown command.
You barely miss the death yak. You headbutt the death yak.
The death yak closely misses you. You furiously retaliate!
You headbutt the death yak!
Unknown command.
Unknown command.
You hit the death yak.
The death yak looks as sick as possible!
Your headbutt misses the death yak. You block Grum's attack.
The death yak gores you!!
* * * LOW HITPOINT WARNING * * *
You slash the death yak!
The death yak looks as sick as possible!
You headbutt the death yak, but do no damage.
You kill the death yak!
Okawaru is honoured by your kill. Grum misses you.
Your base Axes skill increases to level 10!
You block Grum's attack.
You see here a death yak corpse.
Unknown command.
You hit Grum.
Grum is poisoned.
Unknown command.
You hit Grum but do no damage. Grum hits you with a -1 spear of pain!
You die...

######### ### ##
#......[. ##_###8###
#.#######
##8...8...8### #.# #.
####........†#### #.#
#. #.#8 ......g@>#.#
#.######. #.#
.......†##.#
#.##..... #.#
...8...8##.#
#.##.#### #.#
#_###8####.#####.##.#
#.# #
######..........# #.#
####...#######.####
#.# #....#<....# #.#
#.# #.##...###.###.##
#.# #.###.##
#.##...######


You could see Grum (very poisoned).

Vanquished Creatures
  Erica (D:8)
  A death yak (D:8)
  Pikel (D:6)
  Maurice (D:8)
  Joseph (D:8)
  A hornet (D:9)
  Prince Ribbit (D:8)
  Sigmund (D:5)
  6 yaks (D:8)
  An ogre (D:5)
  A sky beast (D:7)
  An ice beast (D:5)
  2 black bears
  2 wolves (D:8)
  A centaur (D:5)
  3 lemures (D:6)
  2 kobold brigands (Sewer)
  2 bullfrogs
  3 scorpions
  3 necrophages
  6 wights
  5 killer bees
  A howler monkey (D:7)
  6 orc priests
  A gnoll shaman (D:6)
  3 hounds
  A jelly (D:4)
  Jessica (D:3)
  2 hell rats (D:9)
  9 orc wizards
  7 iguanas
  3 gnolls (D:6)
  9 adders
  3 river rats
  A white imp (D:6)
  An ufetubus (D:5)
  3 worms
  4 dart slugs
  27 orcs
  6 endoplasms
  5 giant cockroaches
  7 hobgoblins
  A jackal (Sewer)
  12 kobolds
  7 quokkas
  10 ball pythons
  6 bats
  A frilled lizard (D:2)
  4 goblins
  14 rats
201 creatures vanquished.

Notes
Turn   | Place    | Note
-------+----------+-------------------------------------------
     0 | D:1      | Heedrag the Minotaur Fighter began the quest for the Orb.
     0 | D:1      | Reached XP level 1. HP: 19/19 MP: 0/0
   221 | D:1      | Reached XP level 2. HP: 27/27 MP: 1/1
   343 | D:1      | Reached skill level 3 in Axes
   566 | D:1      | Found a faded altar of an unknown god.
   735 | D:2      | Reached skill level 1 in Dodging
   766 | D:2      | Found a shadowy altar of Dithmenos.
   823 | D:2      | Reached XP level 3. HP: 28/33 MP: 2/2
  1323 | D:2      | Reached XP level 4. HP: 36/40 MP: 3/3
  1927 | D:3      | Noticed Jessica
  1935 | D:3      | Killed Jessica
  2455 | D:4      | Found a staircase to the Ecumenical Temple.
  2457 | D:4      | Noticed a scorpion
  2463 | D:4      | Killed a scorpion
  2464 | D:4      | Reached skill level 4 in Axes
  2464 | D:4      | Reached XP level 5. HP: 40/47 MP: 4/4
  2465 | Temple   | Entered the Ecumenical Temple
  2516 | Temple   | Became a worshipper of Warmaster Okawaru
  2558 | D:4      | Reached skill level 1 in Evocations
  2691 | D:4      | Reached XP level 6. HP: 53/53 MP: 5/5
  2842 | D:4      | Reached skill level 5 in Axes
  3095 | D:4      | Found a hide-covered altar of Uskayaw.
  3709 | D:5      | Entered Level 5 of the Dungeon
  3717 | D:5      | Reached * piety under Okawaru
  3718 | D:5      | Reached skill level 5 in Armour
  3718 | D:5      | Reached skill level 1 in Invocations
  3718 | D:5      | Reached XP level 7. HP: 46/60 MP: 6/6
  3723 | D:5      | Reached skill level 5 in Fighting
  3723 | D:5      | Reached skill level 5 in Shields
  3795 | D:5      | Found a glowing drain.
  3802 | Sewer    | Entered a sewer
  3970 | Sewer    | Found a white marble altar of Elyvilon.
  4119 | D:5      | Reached skill level 6 in Axes
  4303 | D:5      | Reached XP level 8. HP: 69/69 MP: 8/8
  4472 | D:5      | Reached ** piety under Okawaru
  4594 | D:5      | Noticed Sigmund
  4599 | D:5      | Killed Sigmund
  5224 | D:6      | Reached skill level 1 in Throwing
  5527 | D:6      | Reached skill level 7 in Axes
  5691 | D:6      | Identified the +3 leather armour of the Wary Olives {*Slow
                  | Int+5 SInv}
  5898 | D:6      | Found a radiant altar of Vehumet.
  5899 | D:6      | Found a glowing golden altar of the Shining One.
  5899 | D:6      | Found a stormy altar of Qazlal.
  6021 | D:7      | Noticed Pikel
  6269 | D:6      | Killed Pikel
  6269 | D:6      | Reached *** piety under Okawaru
  6270 | D:6      | Reached XP level 9. HP: 57/75 MP: 10/10
  6575 | D:7      | Reached skill level 8 in Axes
  7459 | D:8      | Noticed Prince Ribbit
  7483 | D:8      | Killed Prince Ribbit
  7604 | D:8      | Reached **** piety under Okawaru
  7605 | D:8      | Reached skill level 5 in Dodging
  7902 | D:8      | Reached XP level 10. HP: 86/86 MP: 12/12
  7905 | D:8      | Received a gift from Okawaru
  8005 | D:8      | Reached skill level 9 in Axes
  8104 | D:8      | Noticed Maurice
  8125 | D:8      | Killed Maurice
  8488 | D:8      | Noticed Erica
  8505 | D:8      | Killed Erica
  8505 | D:8      | Reached ***** piety under Okawaru
  8702 | D:8      | Noticed Joseph
  8722 | D:8      | Killed Joseph
  8747 | D:8      | Found a shadowy altar of Dithmenos.
  9131 | D:9      | Noticed a death yak
  9132 | D:9      | Noticed a death yak
  9134 | D:9      | Noticed a death yak
  9158 | D:8      | Found a shimmering altar of Xom.
  9159 | D:8      | Noticed Grum
  9172 | D:8      | Killed a death yak
  9173 | D:8      | Reached skill level 10 in Axes
  9175 | D:8      | Slain by Grum

Illustrated notes

Levels and vault maps discovered:
D:1:      erik_arrival_blinker_ship, layout_loops_cross,
          shapermc_ecumenical_altar_mp_highgroup,
          minmay_misc_feat_secret_circle, minmay_misc_feat_roman
D:2:      layout_loops_ring, basic_altar, grunt_ministairs_15,
          serial_bayou_pond_b, chequers_decorated_corner
D:3:      layout_loops_corners, uniq_jessica
D:4:      layout_gridville, nicolae_overflow_crystal_walls,
          minmay_temple_entry_gardened_gates, saegor_snake_ambush
D:5:      layout_rooms, gup_sewer_entry_spiral, serial_co_window_serial,
          co_window_paths_a, co_window_corner_a, co_window_of_opportunity_a,
          co_window_paths_a, co_window_paths_a, co_window_paths_a,
          co_window_cross_1, co_window_of_opportunity_a, co_window_corner_a,
          co_window_of_opportunity_b, co_window_unsneaky_path_c,
          co_window_broadway_c, co_window_unsneaky_path_d, co_window_sun,
          glass_columns_a, glass_columns_a, glass_columns_a, uniq_sigmund
D:6:      layout_cave_pools, chequers_temple_overflow_statue_of_worship
D:7:      layout_gridville, uniq_pikel
D:8:      layout_loops_ring, nicolae_overflow_hidden_temple, uniq_grum,
          uniq_erica, uniq_prince_ribbit1, uniq_maurice, uniq_joseph
D:9:      layout_long_grid, dpeg_lair_monsters
Temple:   nicolae_temple_no_exploring_needed

Skill      XL: |  1  2  3  4  5  6  7  8  9 10 |
---------------+-------------------------------+-----
Axes           | 3 4 5 6 7 8 10 | 10.0
Dodging        | 1 2 3 4 5 6 |  6.2
Fighting       | 4 5 6 7 |  7.7
Armour         | 4 5 6 7 |  7.7
Shields        | 4 5 6 7 |  7.7
Evocations     | 1 2 3 4 |  4.7
Invocations    | 1 2 3 4 |  4.8
Throwing       | 2 3 4 |  4.2

Action                   |  1- 3 |  4- 6 |  7- 9 | 10-12 || total
-------------------------+-------+-------+-------+-------++-------
Melee: War axe           |    80 |    76 |     1 |     4 ||   161
       Headbutt          |    10 |    17 |    56 |    25 ||   108
       Hand axe          |       |    23 |   282 |    97 ||   402
Throw: Dart              |       |       |       |    10 ||    10
       Boomerang         |       |       |       |     4 ||     4
Invok: Heroism           |       |       |       |     1 ||     1
Evoke: Wand              |       |       |       |     1 ||     1
Armor: Scale mail        |    20 |    36 |    57 |       ||   113
       Chain mail        |       |       |    39 |    27 ||    66
Dodge: Dodged            |    55 |    47 |   167 |    76 ||   345
Block: Buckler           |    22 |    21 |    51 |    24 ||   118

Table legend: (Time is in decaauts)
 A = Elapsed time spent in this place.
 B = Non-inter-level travel time spent in this place.
 C = Inter-level travel time spent in this place.
 D = Time resting spent in this place.
 E = Time spent auto-exploring this place.
 F = Levels seen in this place.
 G = Mean time per level.
                   A        B        C        D        E       F      G
               +--------+--------+--------+--------+--------+-----+--------+
         Total |   9309 |   9002 |    307 |    569 |   6862 |  11 |  846.3 |
       Dungeon |   8953 |   8659 |    294 |    569 |   6643 |   9 |  994.8 |
        Temple |     58 |     45 |     13 |      0 |     44 |   1 |   58.0 |
         Sewer |    296 |    296 |      0 |      0 |    174 |   1 |  296.0 |
               +--------+--------+--------+--------+--------+-----+--------+

Top non-repeatable levels by time:
     D:8: 1427 daAuts
     D:5: 1286 daAuts
     D:4: 1226 daAuts
     D:6: 1100 daAuts
     D:7: 1074 daAuts
     D:2: 944 daAuts
     D:3: 814 daAuts
     D:1: 742 daAuts
     D:9: 336 daAuts
   Sewer: 296 daAuts
  Temple: 58 daAuts
